| Goals | Penalties |
1. Lightning , Joshua Norris 4 (Mitch Marner 8, Filip Forsberg 5) at 14:19
|
Mikhail Sergachev (TOR) for Hooking (Minor) at 14:24
|
2. Maple Leafs , Nick Schmaltz 9 (Mattias Janmark 4, Kaapo Kakko 4) at 12:15
3. Maple Leafs , Mattias Janmark 3 (Nick Schmaltz 5, Hampus Lindholm 2) at 19:08
|
Nikita Zadorov (TAM) for Tripping (Minor) at 13:51
|
4. Lightning , Miro Heiskanen 2 (Brian Dumoulin 2) at 12:59
|
Joshua Norris (TAM) for Tripping (Minor) at 1:48 Miro Heiskanen (TAM) for Tripping (Minor) at 4:11 Joshua Norris (TAM) for High sticking (Minor) at 18:30
|
No Goal
|
|
Lightning, Mitch Marner - Shot Misses the Net
Maple Leafs, Jesper Bratt - Goal!
Lightning, Filip Forsberg - Stopped by Pyotr Kochetkov
Maple Leafs, Nick Schmaltz - Goal!
|
|
|
Darcy Kuemper (TAM), 29 saves from 31 shots - (0,935), OTL, 5-1-1, 65:00 minutes
Pyotr Kochetkov (TOR), 36 saves from 38 shots - (0,947), W, 2-3-2, 65:00 minutes
|
|
1 - Mattias Janmark (TOR)
2 - Nick Schmaltz (TOR)
3 - Pyotr Kochetkov (TOR)
|
Referees : Conor O'Donnell and Robert Hennessey
Linesman : Vaughan Rody and Derek Wahl
|
|
Alexander Romanov is injured at 8:51 of 1st period (Broken Ribs)
|
|
Level 1 -- Attendance: 4817 (80,28%) -- Ticket Income $529,870
Level 2 -- Attendance: 4616 (92,32%) -- Ticket Income $300,040
Level 3 -- Attendance: 1351 (67,55%) -- Ticket Income $60,795
Level 4 -- Attendance: 3962 (99,05%) -- Ticket Income $87,164
Luxury Box -- Attendance: 668 (66,80%) -- Ticket Income $150,300
Game was played at the Air Canada Center.
Total Attendance: 15414 (85,63%)
Total Ticket Income: $1,128,169
Other Income: $552,803
Total Income: $1,680,972
|
Lightning
| 5 vs 5 Forward |
|---|
| Line # | Left Wing | Center | Right Wing | PHY | DF | OF | Wanted % | Time % | Time Play |
| 1 | Filip Forsberg | Joshua Norris | Mitch Marner | 0 | 2 | 3 | 27 | 28% | 14:14
|
| 2 | Artturi Lehkonen | Ryan O'Reilly | Martin Necas | 0 | 2 | 3 | 25 | 24% | 12:11
|
| 3 | Kent Johnson | Leo Carlsson | Evander Kane | 0 | 2 | 3 | 25 | 25% | 12:24
|
| 4 | Jansen Harkins | Frederick Gaudreau | William Carrier | 0 | 3 | 2 | 23 | 23% | 11:46
|
| 5 vs 5 Defense |
|---|
| Line # | Defense | Defense | | PHY | DF | OF | Wanted % | Time % | Time Play |
| 1 | Jake Sanderson | Nikita Zadorov | | 1 | 2 | 2 | 36 | 36% | 18:04
|
| 2 | Miro Heiskanen | Brian Dumoulin | | 1 | 2 | 2 | 32 | 32% | 16:13
|
| 3 | Zach Whitecloud | Michael Kesselring | | 1 | 4 | 0 | 18 | 24% | 12:06
|
| 4 | Jake Sanderson | Brian Dumoulin | | 2 | 3 | 0 | 14 | 8% | 4:12
|
| Power Play Forward |
|---|
| Line # | Left Wing | Center | Right Wing | PHY | DF | OF | Wanted % | Time % | Time Play |
| 1 | Filip Forsberg | Ryan O'Reilly | Mitch Marner | 0 | 1 | 4 | 50 | 50% | 0:59
|
| 2 | Evander Kane | Leo Carlsson | Martin Necas | 0 | 0 | 5 | 50 | 50% | 1:00
|
| Power Play Defense |
|---|
| Line # | Defense | Defense | | PHY | DF | OF | Wanted % | Time % | Time Play |
| 1 | Miro Heiskanen | Jake Sanderson | | 0 | 1 | 4 | 60 | 61% | 1:13
|
| 2 | Nikita Zadorov | Zach Whitecloud | | 0 | 3 | 2 | 40 | 39% | 0:46
|
| Penalty Kill 4 Players Forward |
|---|
| Line # | Center | Wing | PHY | DF | OF | Wanted % | Time % | Time Play |
| 1 | Ryan O'Reilly | Artturi Lehkonen | 0 | 5 | 0 | 50 | 51% | 3:46
|
| 2 | Leo Carlsson | Frederick Gaudreau | 0 | 4 | 1 | 50 | 49% | 3:40
|
| Penalty Kill 4 Players Defense |
|---|
| Line # | Defense | Defense | PHY | DF | OF | Wanted % | Time % | Time Play |
| 1 | Jake Sanderson | Brian Dumoulin | 2 | 3 | 0 | 60 | 58% | 4:20
|
| 2 | Miro Heiskanen | Zach Whitecloud | 1 | 4 | 0 | 40 | 42% | 3:06
|
| Penalty Kill 3 Players |
|---|
| Line # | Wing | PHY | DF | OF | Wanted % | Time % | Time Play | Defense | Defense | PHY | DF | OF | Wanted % | Time % | Time Play |
| 1 | Ryan O'Reilly | 0 | 5 | 0 | 50 | 33% | 0:10
| Brian Dumoulin | Miro Heiskanen | 0 | 5 | 0 | 50 | 100% | 0:30
|
| 2 | Frederick Gaudreau | 0 | 5 | 0 | 50 | 67% | 0:20
| Jake Sanderson | Zach Whitecloud | 0 | 5 | 0 | 50 | 0% | 0:00
|
| 4 vs 4 Forward |
|---|
| Line # | Center | Wing | PHY | DF | OF | Wanted % | Time % | Time Play |
| 1 | Ryan O'Reilly | Filip Forsberg | 1 | 4 | 0 | 60 | 0% | 0:00
|
| 2 | Joshua Norris | Mitch Marner | 0 | 0 | 5 | 40 | 0% | 0:00
|
| 4 vs 4 Defense |
|---|
| Line # | Defense | | PHY | DF | OF | Wanted % | Time % | Time Play |
| 1 | Miro Heiskanen | Zach Whitecloud | 1 | 2 | 2 | 50 | 0% | 0:00
|
| 2 | Jake Sanderson | Brian Dumoulin | 1 | 2 | 2 | 50 | 0% | 0:00
|
| Last Minutes Offensive |
|---|
| Left Wing | Center | Right Wing | Defense | Defense |
| Martin Necas | Joshua Norris | Mitch Marner | Miro Heiskanen | Jake Sanderson |
| Last Minutes Defensive |
|---|
| Left Wing | Center | Right Wing | Defense | Defense |
| Artturi Lehkonen | Ryan O'Reilly | Mitch Marner | Miro Heiskanen | Jake Sanderson |
| Time |
|---|
| Total Forward | Total Defense | Last Minutes Offensive | Last Minutes Defensive |
| 60:30 |
60:30 |
0:00 | 0:00 |
| Extra Forwards |
|---|
| Normal | PowerPlay | Penalty Kill |
|
Joshua Norris, Mitch Marner, Martin Necas | Mitch Marner, Martin Necas | Ryan O'Reilly |
| Extra Defensemen |
|---|
| Normal | PowerPlay | Penalty Kill |
|
Jake Sanderson, Miro Heiskanen, Brian Dumoulin | Jake Sanderson, Brian Dumoulin | Jake Sanderson |
| Penalty Shots |
|---|
|
Mitch Marner, Filip Forsberg, Joshua Norris, Martin Necas, Jake Sanderson |
| Goalie |
|---|
| Darcy Kuemper, Joseph Woll |
| Custom OT Lines Forwards |
|---|
|
Mitch Marner, Joshua Norris, Martin Necas, Filip Forsberg, Ryan O'Reilly, Artturi Lehkonen, Leo Carlsson, Evander Kane, Kent Johnson, Frederick Gaudreau |
| Custom OT Lines Defensemen |
|---|
|
Jake Sanderson, Miro Heiskanen, Nikita Zadorov, Brian Dumoulin, Zach Whitecloud |
| Scratches |
|---|
|
Alexander Nylander (Healthy), Daniel Sprong (Healthy), Parker Wotherspoon (Healthy) |
Maple Leafs
| 5 vs 5 Forward |
|---|
| Line # | Left Wing | Center | Right Wing | PHY | DF | OF | Wanted % | Time % | Time Play |
| 1 | Jesper Bratt | Andrei Svechnikov | Nikolaj Ehlers | 0 | 4 | 1 | 32 | 30% | 15:07
|
| 2 | Kaapo Kakko | Alex Iafallo | Connor Bedard | 0 | 4 | 1 | 32 | 30% | 15:22
|
| 3 | Zemgus Girgensons | Nick Schmaltz | Mattias Janmark | 0 | 4 | 1 | 26 | 26% | 13:00
|
| 4 | Nathan Walker | Nico Sturm | Michael McCarron | 0 | 5 | 0 | 10 | 14% | 7:06
|
| 5 vs 5 Defense |
|---|
| Line # | Defense | Defense | | PHY | DF | OF | Wanted % | Time % | Time Play |
| 1 | Alexander Romanov | Cam Fowler | | 0 | 3 | 2 | 36 | 39% | 19:33
|
| 2 | Hampus Lindholm | Mikhail Sergachev | | 0 | 4 | 1 | 36 | 37% | 18:32
|
| 3 | Ty Emberson | Braden Schneider | | 0 | 4 | 1 | 28 | 23% | 11:51
|
| 4 | Hampus Lindholm | Mikhail Sergachev | | 0 | 4 | 1 | 0 | 1% | 0:39
|
| Power Play Forward |
|---|
| Line # | Left Wing | Center | Right Wing | PHY | DF | OF | Wanted % | Time % | Time Play |
| 1 | Jesper Bratt | Andrei Svechnikov | Nick Schmaltz | 0 | 1 | 4 | 60 | 57% | 4:14
|
| 2 | Andrei Svechnikov | Connor Bedard | Kaapo Kakko | 0 | 1 | 4 | 40 | 43% | 3:12
|
| Power Play Defense |
|---|
| Line # | Defense | Defense | | PHY | DF | OF | Wanted % | Time % | Time Play |
| 1 | Cam Fowler | Mikhail Sergachev | | 0 | 1 | 4 | 60 | 46% | 3:27
|
| 2 | Alexander Romanov | Braden Schneider | | 0 | 1 | 4 | 40 | 54% | 3:59
|
| Penalty Kill 4 Players Forward |
|---|
| Line # | Center | Wing | PHY | DF | OF | Wanted % | Time % | Time Play |
| 1 | Nick Schmaltz | Jesper Bratt | 0 | 5 | 0 | 60 | 84% | 1:40
|
| 2 | Connor Bedard | Andrei Svechnikov | 0 | 5 | 0 | 40 | 16% | 0:19
|
| Penalty Kill 4 Players Defense |
|---|
| Line # | Defense | Defense | PHY | DF | OF | Wanted % | Time % | Time Play |
| 1 | Cam Fowler | Mikhail Sergachev | 0 | 5 | 0 | 60 | 88% | 1:45
|
| 2 | Alexander Romanov | Braden Schneider | 0 | 5 | 0 | 40 | 12% | 0:14
|
| Penalty Kill 3 Players |
|---|
| Line # | Wing | PHY | DF | OF | Wanted % | Time % | Time Play | Defense | Defense | PHY | DF | OF | Wanted % | Time % | Time Play |
| 1 | Nick Schmaltz | 0 | 5 | 0 | 60 | 0% | 0:00
| Cam Fowler | Mikhail Sergachev | 0 | 5 | 0 | 60 | 0% | 0:00
|
| 2 | Connor Bedard | 0 | 5 | 0 | 40 | 0% | 0:00
| Alexander Romanov | Braden Schneider | 0 | 5 | 0 | 40 | 0% | 0:00
|
| 4 vs 4 Forward |
|---|
| Line # | Center | Wing | PHY | DF | OF | Wanted % | Time % | Time Play |
| 1 | Nick Schmaltz | Jesper Bratt | 0 | 5 | 0 | 60 | 100% | 0:30
|
| 2 | Connor Bedard | Andrei Svechnikov | 0 | 5 | 0 | 40 | 0% | 0:00
|
| 4 vs 4 Defense |
|---|
| Line # | Defense | | PHY | DF | OF | Wanted % | Time % | Time Play |
| 1 | Cam Fowler | Mikhail Sergachev | 0 | 5 | 0 | 60 | 100% | 60% - 0:30
|
| 2 | Alexander Romanov | Braden Schneider | 0 | 5 | 0 | 40 | 0% | 40% - 0:00
|
| Last Minutes Offensive |
|---|
| Left Wing | Center | Right Wing | Defense | Defense |
| Jesper Bratt | Nick Schmaltz | Andrei Svechnikov | Cam Fowler | Mikhail Sergachev |
| Last Minutes Defensive |
|---|
| Left Wing | Center | Right Wing | Defense | Defense |
| Jesper Bratt | Michael McCarron | Nick Schmaltz | Cam Fowler | Mikhail Sergachev |
| Time |
|---|
| Total Forward | Total Defense | Last Minutes Offensive | Last Minutes Defensive |
| 60:30 |
60:30 |
0:00 | 0:00 |
| Extra Forwards |
|---|
| Normal | PowerPlay | Penalty Kill |
|
Nikolaj Ehlers, Alex Iafallo, Mattias Janmark | Nikolaj Ehlers, Alex Iafallo | Nikolaj Ehlers |
| Extra Defensemen |
|---|
| Normal | PowerPlay | Penalty Kill |
|
Braden Schneider, Ty Emberson, Hampus Lindholm | Braden Schneider, Braden Schneider | Hampus Lindholm |
| Penalty Shots |
|---|
|
Jesper Bratt, Nick Schmaltz, Andrei Svechnikov, Connor Bedard, Nikolaj Ehlers |
| Goalie |
|---|
| Pyotr Kochetkov, Jordan Binnington |
| Custom OT Lines Forwards |
|---|
|
Jesper Bratt, Nick Schmaltz, Andrei Svechnikov, Connor Bedard, Nikolaj Ehlers, Alex Iafallo, Mattias Janmark, Michael McCarron, Kaapo Kakko, Nathan Walker |
| Custom OT Lines Defensemen |
|---|
|
Cam Fowler, Mikhail Sergachev, Alexander Romanov, Braden Schneider, Ty Emberson |
| Scratches |
|---|
|
Drew Helleson (Healthy), Derek Ryan (Healthy) |
Play-by-Play
1st period
0:01 of 1st period - Andrei Svechnikov wins face-off versus Joshua Norris in neutral zone.
0:25 of 1st period - Alex Iafallo is hit by Martin Necas and loses puck.
0:34 of 1st period - Wrist shot by Martin Necas.
0:34 of 1st period - Stopped by Pyotr Kochetkov without a rebound.
0:35 of 1st period - Nick Schmaltz wins face-off versus Leo Carlsson in Maple Leafs zone.
0:51 of 1st period - Snap shot by Leo Carlsson.
0:51 of 1st period - Shot Misses the Net.
1:28 of 1st period - Slapshot by Alex Iafallo.
1:28 of 1st period - Shot Misses the Net.
1:30 of 1st period - Wrist shot by Alex Iafallo.
1:30 of 1st period - Stopped by Darcy Kuemper without a rebound.
1:31 of 1st period - Joshua Norris wins face-off versus Andrei Svechnikov in Lightning zone.
2:36 of 1st period - Wrist shot by Martin Necas.
2:36 of 1st period - Shot Misses the Net.
2:42 of 1st period - Slapshot by Cam Fowler.
2:42 of 1st period - Stopped by Darcy Kuemper without a rebound.
2:43 of 1st period - Andrei Svechnikov wins face-off versus Ryan O'Reilly in Lightning zone.
3:08 of 1st period - Kent Johnson is hit by Kaapo Kakko.
3:34 of 1st period - Michael Kesselring is hit by Mattias Janmark and loses puck.
4:37 of 1st period - Connor Bedard is hit by Brian Dumoulin and loses puck.
5:26 of 1st period - William Carrier is hit by Zemgus Girgensons.
6:46 of 1st period - Alexander Romanov is hit by Brian Dumoulin and loses puck.
7:10 of 1st period - Mitch Marner is hit by Andrei Svechnikov and loses puck.
7:19 of 1st period - Slapshot by Nikolaj Ehlers.
7:19 of 1st period - Shot Misses the Net.
7:25 of 1st period - Snap shot by Mitch Marner.
7:25 of 1st period - Stopped by Pyotr Kochetkov without a rebound.
7:26 of 1st period - Alex Iafallo wins face-off versus Frederick Gaudreau in Maple Leafs zone.
7:33 of 1st period - Slapshot by Jake Sanderson.
7:33 of 1st period - Shot Misses the Net.
7:35 of 1st period - Slapshot by Nikita Zadorov.
7:35 of 1st period - Stopped by Pyotr Kochetkov without a rebound.
7:36 of 1st period - Frederick Gaudreau wins face-off versus Alex Iafallo in Maple Leafs zone.
7:43 of 1st period - Wrist shot by Frederick Gaudreau.
7:43 of 1st period - Stopped by Pyotr Kochetkov with a rebound.
7:45 of 1st period - Wrist shot by Jake Sanderson.
7:45 of 1st period - Deflect By Mikhail Sergachev.
7:45 of 1st period - Stopped by Pyotr Kochetkov with a rebound.
7:47 of 1st period - Slapshot by Jake Sanderson.
7:47 of 1st period - Shot Misses the Net.
8:19 of 1st period - Snap shot by Alex Iafallo.
8:19 of 1st period - Stopped by Darcy Kuemper with a rebound.
8:41 of 1st period - Slapshot by Frederick Gaudreau.
8:41 of 1st period - Stopped by Pyotr Kochetkov without a rebound.
8:42 of 1st period - Ryan O'Reilly wins face-off versus Nick Schmaltz in Maple Leafs zone.
8:51 of 1st period - Slapshot by Martin Necas.
8:51 of 1st period - Shot Blocked by Alexander Romanov.
8:51 of 1st period - Alexander Romanov from Maple Leafs is injured at 8:51 of 1st period (Broken Ribs).
8:52 of 1st period - Nick Schmaltz wins face-off versus Leo Carlsson in Maple Leafs zone.
8:52 of 1st period - Nick Schmaltz is hit by Evander Kane.
9:02 of 1st period - Wrist shot by Mattias Janmark.
9:02 of 1st period - Shot Blocked by Nikita Zadorov.
9:06 of 1st period - Slapshot by Nick Schmaltz.
9:06 of 1st period - Stopped by Darcy Kuemper with a rebound.
9:08 of 1st period - Wrist shot by Nick Schmaltz.
9:08 of 1st period - Stopped by Darcy Kuemper with a rebound.
9:55 of 1st period - Wrist shot by Evander Kane.
9:55 of 1st period - Shot Misses the Net.
10:18 of 1st period - Icing by Brian Dumoulin.
10:19 of 1st period - Leo Carlsson wins face-off versus Nick Schmaltz in Lightning zone.
11:08 of 1st period - Slapshot by Ryan O'Reilly.
11:08 of 1st period - Shot Misses the Net.
11:12 of 1st period - Slapshot by Martin Necas.
11:12 of 1st period - Shot Misses the Net.
12:32 of 1st period - Off-side.
12:33 of 1st period - Andrei Svechnikov wins face-off versus Frederick Gaudreau in neutral zone.
12:44 of 1st period - Snap shot by Jesper Bratt.
12:44 of 1st period - Shot Misses the Net.
12:46 of 1st period - Slapshot by Braden Schneider.
12:46 of 1st period - Stopped by Darcy Kuemper without a rebound.
12:47 of 1st period - Ryan O'Reilly wins face-off versus Nick Schmaltz in Lightning zone.
13:02 of 1st period - Snap shot by Artturi Lehkonen.
13:02 of 1st period - Shot Misses the Net.
13:04 of 1st period - Snap shot by Artturi Lehkonen.
13:04 of 1st period - Stopped by Pyotr Kochetkov with a rebound.
13:14 of 1st period - Ty Emberson is hit by Nikita Zadorov and loses puck.
14:05 of 1st period - Wrist shot by Artturi Lehkonen.
14:05 of 1st period - Shot Blocked by Nick Schmaltz.
14:07 of 1st period - Slapshot by Artturi Lehkonen.
14:07 of 1st period - Shot Blocked by Braden Schneider.
14:09 of 1st period - Snap shot by Ryan O'Reilly.
14:09 of 1st period - Shot Misses the Net.
14:11 of 1st period - Slapshot by Jake Sanderson.
14:11 of 1st period - Deflect By Martin Necas.
14:11 of 1st period - Shot Misses the Net.
14:11 of 1st period - Puck is out of play.
14:12 of 1st period - Joshua Norris wins face-off versus Andrei Svechnikov in Maple Leafs zone.
14:15 of 1st period - Snap shot by Mitch Marner.
14:15 of 1st period - Stopped by Pyotr Kochetkov with a rebound.
14:17 of 1st period - Slapshot by Filip Forsberg.
14:17 of 1st period - Stopped by Pyotr Kochetkov with a rebound.
14:19 of 1st period - Wrist shot by Mitch Marner.
14:19 of 1st period - Deflect By Joshua Norris.
14:19 of 1st period - Goal by Joshua Norris - Lightning : 1 - Maple Leafs : 0.
14:20 of 1st period - Ryan O'Reilly wins face-off versus Andrei Svechnikov in neutral zone.
14:24 of 1st period - Minor Penalty to Mikhail Sergachev for Hooking.
14:25 of 1st period - Ryan O'Reilly wins face-off versus Nick Schmaltz in Maple Leafs zone.
14:29 of 1st period - Wrist shot by Jake Sanderson.
14:29 of 1st period - Shot Misses the Net.
16:24 of 1st period - Penalty to Mikhail Sergachev is over, Mikhail Sergachev is back on ice.
16:33 of 1st period - Snap shot by Kaapo Kakko.
16:33 of 1st period - Stopped by Darcy Kuemper without a rebound.
16:34 of 1st period - Alex Iafallo wins face-off versus Frederick Gaudreau in Lightning zone.
17:02 of 1st period - Snap shot by William Carrier.
17:02 of 1st period - Shot Misses the Net.
17:08 of 1st period - Kaapo Kakko is hit by Zach Whitecloud and loses puck.
17:30 of 1st period - Wrist shot by Connor Bedard.
17:30 of 1st period - Stopped by Darcy Kuemper without a rebound.
17:31 of 1st period - Andrei Svechnikov wins face-off versus Joshua Norris in Lightning zone.
18:23 of 1st period - Off-side.
18:24 of 1st period - Nico Sturm wins face-off versus Leo Carlsson in neutral zone.
18:27 of 1st period - Slapshot by Mikhail Sergachev.
18:27 of 1st period - Stopped by Darcy Kuemper without a rebound.
18:28 of 1st period - Joshua Norris wins face-off versus Andrei Svechnikov in Lightning zone.
18:50 of 1st period - Icing by Mitch Marner.
18:51 of 1st period - Alex Iafallo wins face-off versus Filip Forsberg in Lightning zone.
18:58 of 1st period - Snap shot by Alex Iafallo.
18:58 of 1st period - Shot Blocked by Brian Dumoulin.
19:09 of 1st period - Slapshot by Joshua Norris.
19:09 of 1st period - Stopped by Pyotr Kochetkov with a rebound.
19:11 of 1st period - Slapshot by Filip Forsberg.
19:11 of 1st period - Stopped by Pyotr Kochetkov with a rebound.
19:26 of 1st period - Icing by Brian Dumoulin.
19:27 of 1st period - Joshua Norris wins face-off versus Andrei Svechnikov in Lightning zone.
19:27 of 1st period - Joshua Norris is hit by Andrei Svechnikov.
19:33 of 1st period - Andrei Svechnikov is hit by Brian Dumoulin.
Goals for this period are 1 for Lightning vs 0 for Maple Leafs.
Shots for this period are 12 for Lightning vs 9 for Maple Leafs.
2nd period
0:01 of 2nd period - Ryan O'Reilly wins face-off versus Andrei Svechnikov in neutral zone.
0:04 of 2nd period - Backhand shot by Martin Necas.
0:04 of 2nd period - Stopped by Pyotr Kochetkov with a rebound.
0:26 of 2nd period - Alex Iafallo is hit by Evander Kane and loses puck.
1:08 of 2nd period - Zach Whitecloud is hit by Nico Sturm and loses puck.
1:37 of 2nd period - Icing by Hampus Lindholm.
1:38 of 2nd period - Andrei Svechnikov wins face-off versus Leo Carlsson in Maple Leafs zone.
1:38 of 2nd period - Andrei Svechnikov is hit by Leo Carlsson.
1:46 of 2nd period - Snap shot by Andrei Svechnikov.
1:46 of 2nd period - Stopped by Darcy Kuemper without a rebound.
1:47 of 2nd period - Leo Carlsson wins face-off versus Andrei Svechnikov in Lightning zone.
2:10 of 2nd period - Cam Fowler is hit by Brian Dumoulin.
2:16 of 2nd period - Wrist shot by Kent Johnson.
2:16 of 2nd period - Stopped by Pyotr Kochetkov without a rebound.
2:17 of 2nd period - Andrei Svechnikov wins face-off versus Ryan O'Reilly in Maple Leafs zone.
3:11 of 2nd period - Off-side.
3:12 of 2nd period - Nick Schmaltz wins face-off versus Ryan O'Reilly in neutral zone.
3:15 of 2nd period - Wrist shot by Braden Schneider.
3:15 of 2nd period - Stopped by Darcy Kuemper with a rebound.
3:17 of 2nd period - Slapshot by Ty Emberson.
3:17 of 2nd period - Stopped by Darcy Kuemper with a rebound.
3:24 of 2nd period - Off-side.
3:25 of 2nd period - Ryan O'Reilly wins face-off versus Andrei Svechnikov in neutral zone.
3:32 of 2nd period - Wrist shot by Ryan O'Reilly.
3:32 of 2nd period - Stopped by Pyotr Kochetkov without a rebound.
3:33 of 2nd period - Andrei Svechnikov wins face-off versus Ryan O'Reilly in Maple Leafs zone.
4:15 of 2nd period - Ryan O'Reilly is hit by Jesper Bratt and loses puck.
4:28 of 2nd period - Wrist shot by Jesper Bratt.
4:28 of 2nd period - Stopped by Darcy Kuemper with a rebound.
4:30 of 2nd period - Slapshot by Cam Fowler.
4:30 of 2nd period - Shot Misses the Net.
4:32 of 2nd period - Slapshot by Braden Schneider.
4:32 of 2nd period - Deflect By Nikolaj Ehlers.
4:32 of 2nd period - Shot Blocked by Jake Sanderson.
4:32 of 2nd period - Puck is out of play.
4:33 of 2nd period - Kent Johnson wins face-off versus Alex Iafallo in Lightning zone.
5:54 of 2nd period - Wrist shot by Kent Johnson.
5:54 of 2nd period - Stopped by Pyotr Kochetkov with a rebound.
5:56 of 2nd period - Snap shot by Leo Carlsson.
5:56 of 2nd period - Shot Blocked by Mattias Janmark.
5:58 of 2nd period - Slapshot by Zach Whitecloud.
5:58 of 2nd period - Stopped by Pyotr Kochetkov without a rebound.
5:59 of 2nd period - Nick Schmaltz wins face-off versus Frederick Gaudreau in Maple Leafs zone.
6:32 of 2nd period - Snap shot by Frederick Gaudreau.
6:32 of 2nd period - Stopped by Pyotr Kochetkov with a rebound.
6:34 of 2nd period - Slapshot by Michael Kesselring.
6:34 of 2nd period - Shot Blocked by Mikhail Sergachev.
6:36 of 2nd period - Wrist shot by Frederick Gaudreau.
6:36 of 2nd period - Stopped by Pyotr Kochetkov with a rebound.
6:38 of 2nd period - Wrist shot by Jansen Harkins.
6:38 of 2nd period - Deflect By Frederick Gaudreau.
6:38 of 2nd period - Shot Misses the Net.
6:38 of 2nd period - Puck is out of play.
6:39 of 2nd period - Kent Johnson wins face-off versus Andrei Svechnikov in Maple Leafs zone.
6:50 of 2nd period - Kent Johnson is hit by Ty Emberson and loses puck.
7:05 of 2nd period - Filip Forsberg is hit by Nathan Walker and loses puck.
7:16 of 2nd period - Wrist shot by Mitch Marner.
7:16 of 2nd period - Shot Misses the Net.
8:13 of 2nd period - Wrist shot by William Carrier.
8:13 of 2nd period - Stopped by Pyotr Kochetkov with a rebound.
8:32 of 2nd period - Slapshot by Joshua Norris.
8:32 of 2nd period - Shot Misses the Net.
8:34 of 2nd period - Slapshot by Jake Sanderson.
8:34 of 2nd period - Stopped by Pyotr Kochetkov with a rebound.
8:36 of 2nd period - Slapshot by Jake Sanderson.
8:36 of 2nd period - Stopped by Pyotr Kochetkov with a rebound.
9:10 of 2nd period - Wrist shot by Martin Necas.
9:10 of 2nd period - Deflect By Jesper Bratt.
9:10 of 2nd period - Stopped by Pyotr Kochetkov with a rebound.
9:18 of 2nd period - Wrist shot by Leo Carlsson.
9:18 of 2nd period - Stopped by Pyotr Kochetkov with a rebound.
9:20 of 2nd period - Slapshot by Jake Sanderson.
9:20 of 2nd period - Shot Blocked by Andrei Svechnikov.
10:23 of 2nd period - Snap shot by Leo Carlsson.
10:23 of 2nd period - Shot Misses the Net.
10:41 of 2nd period - Mikhail Sergachev is hit by Michael Kesselring and loses puck.
11:06 of 2nd period - Slapshot by Hampus Lindholm.
11:06 of 2nd period - Deflect By Michael McCarron.
11:06 of 2nd period - Deflect By Miro Heiskanen.
11:06 of 2nd period - Shot Blocked by Miro Heiskanen.
11:06 of 2nd period - Puck is out of play.
11:07 of 2nd period - Leo Carlsson wins face-off versus Mattias Janmark in Lightning zone.
11:25 of 2nd period - Mattias Janmark is hit by Evander Kane and loses puck.
11:58 of 2nd period - Michael McCarron is hit by Jake Sanderson and loses puck.
12:07 of 2nd period - Icing by Ryan O'Reilly.
12:08 of 2nd period - Mattias Janmark wins face-off versus Ryan O'Reilly in Lightning zone.
12:09 of 2nd period - Wrist shot by Nick Schmaltz.
12:09 of 2nd period - Stopped by Darcy Kuemper with a rebound.
12:11 of 2nd period - Wrist shot by Nick Schmaltz.
12:11 of 2nd period - Shot Misses the Net.
12:13 of 2nd period - Slapshot by Kaapo Kakko.
12:13 of 2nd period - Shot Blocked by Martin Necas.
12:15 of 2nd period - Slapshot by Mattias Janmark.
12:15 of 2nd period - Deflect By Nick Schmaltz.
12:15 of 2nd period - Goal by Nick Schmaltz - Lightning : 1 - Maple Leafs : 1.
12:16 of 2nd period - Joshua Norris wins face-off versus Andrei Svechnikov in neutral zone.
12:27 of 2nd period - Icing by Jesper Bratt.
12:28 of 2nd period - Andrei Svechnikov wins face-off versus Leo Carlsson in Maple Leafs zone.
12:28 of 2nd period - Andrei Svechnikov is hit by Evander Kane.
12:44 of 2nd period - Braden Schneider is hit by Leo Carlsson and loses puck.
12:54 of 2nd period - Wrist shot by Jesper Bratt.
12:54 of 2nd period - Shot Misses the Net.
12:56 of 2nd period - Slapshot by Braden Schneider.
12:56 of 2nd period - Stopped by Darcy Kuemper with a rebound.
12:58 of 2nd period - Slapshot by Braden Schneider.
12:58 of 2nd period - Shot Misses the Net.
13:00 of 2nd period - Slapshot by Ty Emberson.
13:00 of 2nd period - Shot Blocked by Jansen Harkins.
13:02 of 2nd period - Slapshot by Braden Schneider.
13:02 of 2nd period - Shot Misses the Net.
13:04 of 2nd period - Snap shot by Nikolaj Ehlers.
13:04 of 2nd period - Shot Misses the Net.
13:06 of 2nd period - Wrist shot by Jesper Bratt.
13:06 of 2nd period - Shot Misses the Net.
13:08 of 2nd period - Slapshot by Andrei Svechnikov.
13:08 of 2nd period - Shot Blocked by Jake Sanderson.
13:10 of 2nd period - Wrist shot by Braden Schneider.
13:10 of 2nd period - Stopped by Darcy Kuemper without a rebound.
13:11 of 2nd period - Joshua Norris wins face-off versus Alex Iafallo in Lightning zone.
13:51 of 2nd period - Minor Penalty to Nikita Zadorov for Tripping.
13:52 of 2nd period - Ryan O'Reilly wins face-off versus Andrei Svechnikov in Lightning zone.
15:01 of 2nd period - Nikolaj Ehlers is hit by Miro Heiskanen and loses puck.
15:51 of 2nd period - Penalty to Nikita Zadorov is over, Nikita Zadorov is back on ice.
16:04 of 2nd period - Slapshot by Cam Fowler.
16:04 of 2nd period - Shot Blocked by Michael Kesselring.
16:06 of 2nd period - Slapshot by Cam Fowler.
16:06 of 2nd period - Shot Blocked by Michael Kesselring.
16:08 of 2nd period - Slapshot by Michael McCarron.
16:08 of 2nd period - Shot Misses the Net.
16:22 of 2nd period - Mattias Janmark is hit by William Carrier and loses puck.
17:09 of 2nd period - Cam Fowler is hit by Ryan O'Reilly and loses puck.
17:22 of 2nd period - Zemgus Girgensons is hit by Frederick Gaudreau.
17:32 of 2nd period - Cam Fowler is hit by Nikita Zadorov and loses puck.
17:45 of 2nd period - Jesper Bratt is hit by Evander Kane and loses puck.
18:00 of 2nd period - Zach Whitecloud is hit by Hampus Lindholm and loses puck.
18:09 of 2nd period - Wrist shot by Connor Bedard.
18:09 of 2nd period - Shot Misses the Net.
18:11 of 2nd period - Backhand shot by Ty Emberson.
18:11 of 2nd period - Shot Blocked by Ryan O'Reilly.
18:18 of 2nd period - Icing by Michael Kesselring.
18:19 of 2nd period - Ryan O'Reilly wins face-off versus Nico Sturm in Lightning zone.
19:01 of 2nd period - Leo Carlsson is hit by Mattias Janmark and loses puck.
19:06 of 2nd period - Snap shot by Nick Schmaltz.
19:06 of 2nd period - Shot Misses the Net.
19:08 of 2nd period - Snap shot by Mattias Janmark.
19:08 of 2nd period - Goal by Mattias Janmark - Lightning : 1 - Maple Leafs : 2.
19:09 of 2nd period - Andrei Svechnikov wins face-off versus Leo Carlsson in neutral zone.
19:34 of 2nd period - Nikita Zadorov is hit by Braden Schneider and loses puck.
19:53 of 2nd period - Slapshot by Artturi Lehkonen.
19:53 of 2nd period - Shot Misses the Net.
19:55 of 2nd period - Snap shot by Martin Necas.
19:55 of 2nd period - Shot Misses the Net.
19:57 of 2nd period - Slapshot by Miro Heiskanen.
19:57 of 2nd period - Shot Blocked by Zemgus Girgensons.
19:59 of 2nd period - Wrist shot by Ryan O'Reilly.
19:59 of 2nd period - Shot Blocked by Zemgus Girgensons.
Goals for this period are 0 for Lightning vs 2 for Maple Leafs.
Shots for this period are 12 for Lightning vs 9 for Maple Leafs.
3rd period
0:01 of 3rd period - Andrei Svechnikov wins face-off versus Joshua Norris in neutral zone.
0:14 of 3rd period - Snap shot by Nikolaj Ehlers.
0:14 of 3rd period - Stopped by Darcy Kuemper with a rebound.
1:12 of 3rd period - Snap shot by Frederick Gaudreau.
1:12 of 3rd period - Stopped by Pyotr Kochetkov with a rebound.
1:14 of 3rd period - Slapshot by Brian Dumoulin.
1:14 of 3rd period - Stopped by Pyotr Kochetkov without a rebound.
1:15 of 3rd period - Andrei Svechnikov wins face-off versus William Carrier in Maple Leafs zone.
1:48 of 3rd period - Minor Penalty to Joshua Norris for Tripping.
1:49 of 3rd period - Andrei Svechnikov wins face-off versus Leo Carlsson in Lightning zone.
2:05 of 3rd period - Wrist shot by Jesper Bratt.
2:05 of 3rd period - Stopped by Darcy Kuemper with a rebound.
2:35 of 3rd period - Brian Dumoulin is hit by Mikhail Sergachev and loses puck.
3:48 of 3rd period - Penalty to Joshua Norris is over, Joshua Norris is back on ice.
3:55 of 3rd period - Wrist shot by Joshua Norris.
3:55 of 3rd period - Shot Misses the Net.
4:01 of 3rd period - Slapshot by Cam Fowler.
4:01 of 3rd period - Stopped by Darcy Kuemper with a rebound.
4:03 of 3rd period - Wrist shot by Nathan Walker.
4:03 of 3rd period - Stopped by Darcy Kuemper with a rebound.
4:11 of 3rd period - Minor Penalty to Miro Heiskanen for Tripping.
4:12 of 3rd period - Ryan O'Reilly wins face-off versus Andrei Svechnikov in Lightning zone.
4:21 of 3rd period - Jake Sanderson is hit by Mikhail Sergachev and loses puck.
6:11 of 3rd period - Penalty to Miro Heiskanen is over, Miro Heiskanen is back on ice.
6:15 of 3rd period - Slapshot by Jake Sanderson.
6:15 of 3rd period - Shot Misses the Net.
6:27 of 3rd period - Joshua Norris is hit by Nathan Walker and loses puck.
6:41 of 3rd period - Icing by Nick Schmaltz.
6:42 of 3rd period - Nick Schmaltz wins face-off versus Leo Carlsson in Maple Leafs zone.
7:01 of 3rd period - Cam Fowler is hit by Brian Dumoulin and loses puck.
7:24 of 3rd period - Wrist shot by Nikolaj Ehlers.
7:24 of 3rd period - Stopped by Darcy Kuemper with a rebound.
7:32 of 3rd period - Wrist shot by Andrei Svechnikov.
7:32 of 3rd period - Stopped by Darcy Kuemper without a rebound.
7:33 of 3rd period - Ryan O'Reilly wins face-off versus Kaapo Kakko in Lightning zone.
7:49 of 3rd period - Wrist shot by Martin Necas.
7:49 of 3rd period - Stopped by Pyotr Kochetkov without a rebound.
7:50 of 3rd period - Leo Carlsson wins face-off versus Andrei Svechnikov in Maple Leafs zone.
8:48 of 3rd period - Slapshot by Jansen Harkins.
8:48 of 3rd period - Shot Misses the Net.
8:52 of 3rd period - Snap shot by Jansen Harkins.
8:52 of 3rd period - Shot Blocked by Mikhail Sergachev.
9:02 of 3rd period - Joshua Norris is hit by Michael McCarron and loses puck.
9:23 of 3rd period - Slapshot by Leo Carlsson.
9:23 of 3rd period - Shot Misses the Net.
9:25 of 3rd period - Slapshot by Kent Johnson.
9:25 of 3rd period - Shot Misses the Net.
9:29 of 3rd period - Wrist shot by Leo Carlsson.
9:29 of 3rd period - Stopped by Pyotr Kochetkov with a rebound.
9:31 of 3rd period - Slapshot by Brian Dumoulin.
9:31 of 3rd period - Stopped by Pyotr Kochetkov with a rebound.
9:43 of 3rd period - Snap shot by Andrei Svechnikov.
9:43 of 3rd period - Shot Blocked by Miro Heiskanen.
9:45 of 3rd period - Slapshot by Hampus Lindholm.
9:45 of 3rd period - Shot Misses the Net.
9:47 of 3rd period - Wrist shot by Kaapo Kakko.
9:47 of 3rd period - Shot Blocked by Miro Heiskanen.
9:49 of 3rd period - Wrist shot by Connor Bedard.
9:49 of 3rd period - Stopped by Darcy Kuemper without a rebound.
9:50 of 3rd period - Frederick Gaudreau wins face-off versus Kaapo Kakko in Lightning zone.
10:05 of 3rd period - Slapshot by Jake Sanderson.
10:05 of 3rd period - Stopped by Pyotr Kochetkov without a rebound.
10:06 of 3rd period - Andrei Svechnikov wins face-off versus Leo Carlsson in Maple Leafs zone.
10:13 of 3rd period - Slapshot by Kent Johnson.
10:13 of 3rd period - Stopped by Pyotr Kochetkov with a rebound.
10:21 of 3rd period - Snap shot by Nikolaj Ehlers.
10:21 of 3rd period - Stopped by Darcy Kuemper with a rebound.
10:31 of 3rd period - Kent Johnson is hit by Braden Schneider and loses puck.
10:35 of 3rd period - Icing by Kent Johnson.
10:36 of 3rd period - Nick Schmaltz wins face-off versus Leo Carlsson in Lightning zone.
10:51 of 3rd period - Wrist shot by Kent Johnson.
10:51 of 3rd period - Stopped by Pyotr Kochetkov without a rebound.
10:52 of 3rd period - Ryan O'Reilly wins face-off versus Alex Iafallo in Maple Leafs zone.
10:59 of 3rd period - Alex Iafallo is hit by Artturi Lehkonen and loses puck.
11:18 of 3rd period - Nikolaj Ehlers is hit by Filip Forsberg and loses puck.
11:29 of 3rd period - Snap shot by Filip Forsberg.
11:29 of 3rd period - Shot Misses the Net.
11:41 of 3rd period - Snap shot by Mikhail Sergachev.
11:41 of 3rd period - Stopped by Darcy Kuemper without a rebound.
11:42 of 3rd period - Nick Schmaltz wins face-off versus Frederick Gaudreau in Lightning zone.
11:48 of 3rd period - Off-side.
11:49 of 3rd period - Alex Iafallo wins face-off versus Ryan O'Reilly in neutral zone.
12:21 of 3rd period - Slapshot by Jesper Bratt.
12:21 of 3rd period - Stopped by Darcy Kuemper with a rebound.
12:39 of 3rd period - Slapshot by Jake Sanderson.
12:39 of 3rd period - Stopped by Pyotr Kochetkov with a rebound.
12:41 of 3rd period - Snap shot by William Carrier.
12:41 of 3rd period - Stopped by Pyotr Kochetkov without a rebound.
12:42 of 3rd period - Frederick Gaudreau wins face-off versus Nick Schmaltz in Maple Leafs zone.
12:43 of 3rd period - Snap shot by William Carrier.
12:43 of 3rd period - Stopped by Pyotr Kochetkov without a rebound.
12:44 of 3rd period - Alex Iafallo wins face-off versus Frederick Gaudreau in Maple Leafs zone.
12:53 of 3rd period - Snap shot by Kaapo Kakko.
12:53 of 3rd period - Shot Blocked by William Carrier.
12:59 of 3rd period - Slapshot by Miro Heiskanen.
12:59 of 3rd period - Goal by Miro Heiskanen - Lightning : 2 - Maple Leafs : 2.
13:00 of 3rd period - Leo Carlsson wins face-off versus Andrei Svechnikov in neutral zone.
14:17 of 3rd period - Slapshot by Jake Sanderson.
14:17 of 3rd period - Stopped by Pyotr Kochetkov without a rebound.
14:18 of 3rd period - Alex Iafallo wins face-off versus Leo Carlsson in Maple Leafs zone.
15:08 of 3rd period - Mitch Marner is hit by Zemgus Girgensons and loses puck.
15:49 of 3rd period - Cam Fowler is hit by Miro Heiskanen and loses puck.
16:48 of 3rd period - Slapshot by Mikhail Sergachev.
16:48 of 3rd period - Stopped by Darcy Kuemper without a rebound.
16:49 of 3rd period - Nico Sturm wins face-off versus Frederick Gaudreau in Lightning zone.
16:50 of 3rd period - Snap shot by Nathan Walker.
16:50 of 3rd period - Stopped by Darcy Kuemper with a rebound.
17:40 of 3rd period - Leo Carlsson is hit by Ty Emberson and loses puck.
17:53 of 3rd period - Snap shot by Kaapo Kakko.
17:53 of 3rd period - Deflect By Alex Iafallo.
17:53 of 3rd period - Stopped by Darcy Kuemper without a rebound.
17:54 of 3rd period - Joshua Norris wins face-off versus Alex Iafallo in Lightning zone.
17:59 of 3rd period - Ty Emberson is hit by Mitch Marner and loses puck.
18:10 of 3rd period - Miro Heiskanen is hit by Alex Iafallo and loses puck.
18:15 of 3rd period - Snap shot by Kaapo Kakko.
18:15 of 3rd period - Shot Misses the Net.
18:18 of 3rd period - Icing by Mitch Marner.
18:19 of 3rd period - Joshua Norris wins face-off versus Nick Schmaltz in Lightning zone.
18:30 of 3rd period - Minor Penalty to Joshua Norris for High sticking.
18:31 of 3rd period - Leo Carlsson wins face-off versus Andrei Svechnikov in Lightning zone.
18:39 of 3rd period - Off-side.
18:40 of 3rd period - Andrei Svechnikov wins face-off versus Ryan O'Reilly in neutral zone.
19:19 of 3rd period - Wrist shot by Jesper Bratt.
19:19 of 3rd period - Shot Hit the Post.
19:25 of 3rd period - Snap shot by Jesper Bratt.
19:25 of 3rd period - Deflect By Andrei Svechnikov.
19:25 of 3rd period - Shot Blocked by Jake Sanderson.
19:25 of 3rd period - Puck is out of play.
19:26 of 3rd period - Ryan O'Reilly wins face-off versus Connor Bedard in Lightning zone.
Goals for this period are 1 for Lightning vs 0 for Maple Leafs.
Shots for this period are 13 for Lightning vs 13 for Maple Leafs.
Overtime #1
0:01 of 1st overtime period - Nick Schmaltz wins face-off versus Ryan O'Reilly in neutral zone.
0:04 of 1st overtime period - Slapshot by Mikhail Sergachev.
0:04 of 1st overtime period - Deflect By Nick Schmaltz.
0:04 of 1st overtime period - Shot Misses the Net.
0:04 of 1st overtime period - Puck is out of play.
0:05 of 1st overtime period - Ryan O'Reilly wins face-off versus Nick Schmaltz in Lightning zone.
0:30 of 1st overtime period - Penalty to Joshua Norris is over, Joshua Norris is back on ice.
1:44 of 1st overtime period - Snap shot by Artturi Lehkonen.
1:44 of 1st overtime period - Stopped by Pyotr Kochetkov with a rebound.
2:02 of 1st overtime period - Ty Emberson is hit by Filip Forsberg.
2:11 of 1st overtime period - Off-side.
2:12 of 1st overtime period - Alex Iafallo wins face-off versus Martin Necas in neutral zone.
2:14 of 1st overtime period - Off-side.
2:15 of 1st overtime period - Martin Necas wins face-off versus Alex Iafallo in neutral zone.
2:26 of 1st overtime period - Wrist shot by Mitch Marner.
2:26 of 1st overtime period - Shot Blocked by Alex Iafallo.
2:46 of 1st overtime period - Slapshot by Cam Fowler.
2:46 of 1st overtime period - Shot Blocked by Joshua Norris.
Goals for this period are 0 for Lightning vs 0 for Maple Leafs.
Shots for this period are 1 for Lightning vs 0 for Maple Leafs.
ShootOut
5:00 of 1st overtime period - Round #1.
5:00 of 1st overtime period - Lightning, Mitch Marner.
5:00 of 1st overtime period - Wrist shot by Mitch Marner.
5:00 of 1st overtime period - Shot Misses the Net.
5:00 of 1st overtime period - Maple Leafs, Jesper Bratt.
5:00 of 1st overtime period - Snap shot by Jesper Bratt.
5:00 of 1st overtime period - Goal by Jesper Bratt.
5:00 of 1st overtime period - Round #2.
5:00 of 1st overtime period - Lightning, Filip Forsberg.
5:00 of 1st overtime period - Snap shot by Filip Forsberg.
5:00 of 1st overtime period - Stopped by Pyotr Kochetkov.
5:00 of 1st overtime period - Maple Leafs, Nick Schmaltz.
5:00 of 1st overtime period - Backhand shot by Nick Schmaltz.
5:00 of 1st overtime period - Goal by Nick Schmaltz.
5:00 of 1st overtime period - Round #3.